[Event "Titled Tuesday Blitz September 27 Early 2022"]
[White "Quirke, Jeffrey"]
[Black "Vargas, Mauricio"]
[WhiteFideId "2013029"]
[BlackFideId "4404572"]
[WhiteElo "2123"]
[BlackElo "2004"]
[Result "0-1"]
[Round "11"]
[TimeControl "180+1"]
[Date "2022.09.27"]
[WhiteClock "0:00:01"]
[BlackClock "0:01:00"]

1. c4 e5 2. g3 f5 3. Bg2 Nc6 4. Nc3 Nf6 5. d3 Bb4 6. Bd2 Bxc3 7. Bxc3 d6 8. Nf3 O-O 9. O-O Qe8 10. e3 Qh5 11. Nd2 Qh6 12. b4 f4 13. b5 Ne7 14. c5 Bh3 15. cxd6 cxd6 16. exf4 Ng4 17. Bxb7 Rab8 18. Qb3+ Kh8 19. Be4 Bxf1 20. Nxf1 exf4 21. Bd4 f3 22. h4 Nf5 23. Bxf5 Rxf5 24. Bxa7 Rbxb5 25. Qc3 Rfc5 26. Qa3 Ra5 27. Qb2 Rcb5 28. Qd4 Qe6 0-1


[Site "https://www.chess.com"]

[Event "Titled Tuesday Blitz September 27 Early 2022"]
[White "Quispe Santacruz, Javier"]
[Black "Saravana, Krishnan P."]
[WhiteFideId "3800920"]
[BlackFideId "5018382"]
[WhiteElo "1930"]
[BlackElo "2155"]
[Result "0-1"]
[Round "11"]
[TimeControl "180+1"]
[Date "2022.09.27"]
[WhiteClock "0:00:01"]
[BlackClock "0:01:42"]

1. e4 c5 2. Nf3 d6 3. Bb5+ Nc6 4. d4 cxd4 5. Nxd4 Bd7 6. Bxc6 bxc6 7. c4 e5 8. Nf3 h6 9. Nc3 Nf6 10. Qd3 Be6 11. b3 Nd7 12. Ba3 Qa5 13. Bb2 Nc5 14. Qc2 Be7 15. O-O Bg4 16. Nd2 O-O 17. f3 Be6 18. a3 Qb6 19. Kh1 Nxb3 20. Nxb3 Rab8 21. c5 Qxb3 22. Qxb3 Rxb3 23. cxd6 Bxd6 24. Rab1 Rfb8 25. Ba1 Bxa3 26. Rxb3 Rxb3 27. Ne2 Bc4 28. Re1 Bxe2 29. Bxe5 Bc5 30. h3 Bb5 31. Rc1 Bf8 32. Kh2 a5 0-1


[Site "https://www.chess.com"]

[Event "Titled Tuesday Blitz September 27 Early 2022"]
[White "Ravi, Teja S."]
[Black "Pultinevicius, Paulius"]
[WhiteFideId "5017220"]
[BlackFideId "12809390"]
[WhiteElo "2432"]
[BlackElo "2472"]
[Result "0-1"]
[Round "11"]
[TimeControl "180+1"]
[Date "2022.09.27"]
[WhiteClock "0:00:04"]
[BlackClock "0:00:09"]

1. d4 d5 2. Nf3 Nf6 3. Bf4 c5 4. e3 e6 5. Nbd2 Bd6 6. Bb5+ Nc6 7. Bxc6+ bxc6 8. Bxd6 Qxd6 9. c3 O-O 10. Qa4 cxd4 11. cxd4 Bd7 12. O-O a5 13. Rfc1 Rfb8 14. Nb3 Ne4 15. Ne5 Be8 16. f3 c5 17. Qa3 cxd4 18. exd4 a4 19. Nc5 Nxc5 20. Rxc5 Qb6 21. Nd3 Bb5 22. Nb4 Bc4 23. Rc1 h6 24. Rc2 Kh7 25. Nd3 f6 26. Nf4 Re8 27. h4 Qd6 28. Qe3 Kg8 29. b3 axb3 30. axb3 e5 31. dxe5 Ra1+ 32. Kh2 Rxe5 33. Qd4 Re4 34. Rc8+ Kh7 35. fxe4 Qxf4+ 36. g3 Qf1 37. g4 Qh1+ 38. Kg3 Rg1+ 39. Kf4 Rd1 40. Qe3 Rd3 0-1


[Site "https://www.chess.com"]

[Event "Titled Tuesday Blitz September 27 Early 2022"]
[White "Rose, Felix"]
[Black "Pourkashiyan, Atousa"]
[WhiteFideId "5105722"]
[BlackFideId "12502014"]
[WhiteElo "2039"]
[BlackElo "2247"]
[Result "0-1"]
[Round "11"]
[TimeControl "180+1"]
[Date "2022.09.27"]
[WhiteClock "0:00:01"]
[BlackClock "0:00:57"]

1. e4 c5 2. Nf3 e6 3. d4 cxd4 4. Nxd4 a6 5. c4 Nf6 6. Nc3 Bb4 7. Qd3 Qc7 8. Bd2 Nc6 9. Nxc6 dxc6 10. a3 Bc5 11. Qg3 Qxg3 12. hxg3 e5 13. f3 Be6 14. g4 O-O-O 15. O-O-O h6 16. Be2 Nd7 17. g5 hxg5 18. Bxg5 f6 19. Bd2 Bd4 20. Kc2 Nb6 21. b3 Nd7 22. b4 Nb6 23. c5 Nc4 24. Bxc4 Bxc4 25. Na4 Kc7 26. Nb6 Be6 27. Bc3 Bxc3 28. Kxc3 Rxd1 29. Rxh8 Rc1+ 30. Kd2 Rg1 31. g4 Ra1 32. Rh7 Ra2+ 33. Ke1 Rxa3 34. Rxg7+ Kd8 35. Rxb7 Rxf3 36. Rb8+ Ke7 37. Rb7+ Kf8 38. Rc7 Rf4 39. Rxc6 Rxe4+ 40. Kd2 Kf7 41. Kc3 Rxg4 42. Rc7+ Kg6 43. Re7 Bf5 44. c6 Rg1 45. Kb2 Rb1+ 46. Ka2 Rxb4 47. Nd5 Rc4 48. Rc7 Be4 49. Ne7+ Kg5 50. Kb3 Rc1 51. Rc8 Kf4 52. c7 f5 53. Kb2 Rc5 54. Kb3 a5 55. Ka3 Rc4 56. Kb3 Rc1 0-1


[Site "https://www.chess.com"]

[Event "Titled Tuesday Blitz September 27 Early 2022"]
[White "Rostomyan, Mikayel"]
[Black "Agasarov, Benik"]
[WhiteFideId "13313754"]
[BlackFideId "13314823"]
[WhiteElo "1426"]
[BlackElo "2152"]
[Result "1/2-1/2"]
[Round "11"]
[TimeControl "180+1"]
[Date "2022.09.27"]
[WhiteClock "0:00:09"]
[BlackClock "0:00:49"]

1. e4 e5 2. Nc3 Nf6 3. Bc4 Nxe4 4. Qh5 Nd6 5. Bb3 Be7 6. h4 Nc6 7. Nd5 Nd4 8. Qxe5 Ne6 9. h5 h6 10. d3 O-O 11. Bd2 Re8 12. O-O-O Bg5 13. Qg3 Bxd2+ 14. Rxd2 Qg5 15. Qxg5 hxg5 16. Nf3 c6 17. Ne3 f6 18. h6 gxh6 19. Nd4 Nf7 20. Ndf5 d5 21. Nxh6+ Nxh6 22. Rxh6 Nd4 23. Rd1 Kg7 24. Rdh1 Nf5 25. Rh7+ Kg6 26. g4 Nh4 27. Rc7 d4 28. Bf7+ Kh6 29. Bxe8 dxe3 30. fxe3 Bxg4 31. Bd7 Bf3 32. Rg1 f5 33. Be6 g4 34. e4 fxe4 35. dxe4 Re8 36. Bf5 Kg5 37. Rg7+ Kf6 38. R7xg4 Nxf5 39. exf5 Bxg4 40. Rxg4 Re1+ 41. Kd2 Rf1 42. Rg2 Rxf5 43. Re2 Re5 44. Rf2+ Ke6 45. c3 a5 46. Kc2 Kd6 47. Rh2 b5 48. b3 Kc5 49. a3 Rg5 50. b4+ axb4 51. axb4+ Kd5 52. Kb3 Rg1 53. Rh5+ Kd6 54. Rh6+ Kc7 55. Rh7+ Kb6 56. Rh8 1/2-1/2


[Site "https://www.chess.com"]

[Event "Titled Tuesday Blitz September 27 Early 2022"]
[White "Rostovtsev, Dmitry"]
[Black "Martin Duque, Jesus"]
[WhiteFideId "34278320"]
[BlackFideId "2208954"]
[WhiteElo "2313"]
[BlackElo "2258"]
[Result "1-0"]
[Round "11"]
[TimeControl "180+1"]
[Date "2022.09.27"]
[WhiteClock "0:01:43"]
[BlackClock "0:01:58"]

1. e4 c5 2. Nf3 b6 3. Nc3 Bb7 4. d4 cxd4 5. Nxd4 a6 6. Be2 e6 7. O-O Nf6 8. e5 Ne4 9. Nxe4 Bxe4 10. Bf3 Bxf3 11. Qxf3 Ra7 12. Qg3 Qc7 13. Be3 Nc6 14. Nxc6 Qxc6 15. c3 Rc7 16. a4 h5 17. h4 Rc8 18. Rfd1 g6 19. Bg5 Bg7 20. Rd6 Qc5 21. Bf6 Bxf6 22. exf6 O-O 23. Qf4 Kh7 24. Rxd7 Qf5 25. Qd4 b5 26. axb5 axb5 27. Raa7 Kg8 28. b3 e5 29. Qd6 Rxc3 30. Qxf8+ 1-0


[Site "https://www.chess.com"]

[Event "Titled Tuesday Blitz September 27 Early 2022"]
[White "Rottenwohrer Suarez, Juan"]
[Black "Derjabin, Ilja"]
[WhiteFideId "32068182"]
[BlackFideId "14104768"]
[WhiteElo "2132"]
[BlackElo "2341"]
[Result "1-0"]
[Round "11"]
[TimeControl "180+1"]
[Date "2022.09.27"]
[WhiteClock "0:00:07"]
[BlackClock "0:00:40"]

1. e4 e6 2. d4 d5 3. Nd2 Nf6 4. e5 Ne4 5. Bd3 Nxd2 6. Bxd2 c5 7. c3 Nc6 8. Nf3 Qb6 9. O-O c4 10. Bc2 Qxb2 11. Rb1 Qxa2 12. Ng5 Qa3 13. Nxh7 Qe7 14. Bg5 Qc7 15. Qh5 Bd7 16. Bh4 Rg8 17. Ng5 O-O-O 18. Qxf7 Rh8 19. Nxe6 Bxe6 20. Qxe6+ Qd7 21. Qxd7+ Rxd7 22. Bg3 Ne7 23. h4 Rh6 24. f4 a5 25. f5 Nc6 26. Ba4 Be7 27. Rf4 Rc7 28. Rb5 Nb4 29. cxb4 axb4 30. Rxd5 b3 31. f6 Bb4 32. fxg7 Rxg7 33. Bf2 Rhg6 34. Rb5 Rxg2+ 35. Kf1 Ba3 36. Bxb3 R2g4 37. Rxg4 Rxg4 38. Bxc4 Be7 39. Be6+ Kc7 40. Bxg4 Kc6 41. Rb1 Kd5 42. Bf3+ Kc4 43. Rxb7 Kd3 44. Rxe7 Kd2 45. h5 Kd3 46. h6 Kc3 47. h7 Kc4 48. d5 Kd3 49. d6 Kc3 50. d7 Kd2 51. Rf7 Kc2 52. e6 1-0


[Site "https://www.chess.com"]

[Event "Titled Tuesday Blitz September 27 Early 2022"]
[White "Spalir, Monika"]
[Black "Roque Sola, Jose Luis"]
[WhiteFideId "14609118"]
[BlackFideId "5120390"]
[WhiteElo "2032"]
[BlackElo "1990"]
[Result "1-0"]
[Round "11"]
[TimeControl "180+1"]
[Date "2022.09.27"]
[WhiteClock "0:00:10"]
[BlackClock "0:00:10"]

1. d4 Nf6 2. c4 g6 3. Nc3 d5 4. cxd5 Nxd5 5. Bd2 Bg7 6. e4 Nxc3 7. Bxc3 O-O 8. Nf3 Nd7 9. Qb3 Nf6 10. e5 Nd5 11. Bc4 Nxc3 12. bxc3 c6 13. a4 c5 14. O-O cxd4 15. cxd4 Bg4 16. Ng5 e6 17. Qe3 Rc8 18. Ba2 h6 19. Ne4 Bf5 20. Nd6 Rc2 21. h3 Qc7 22. g4 Rc3 23. Qd2 Bd3 24. Rfc1 Rxc1+ 25. Rxc1 Qb6 26. Qxd3 Qb2 27. Rc2 Qa1+ 28. Kg2 Bxe5 29. dxe5 Qxe5 30. Ne4 Qf4 31. Qf3 Qxf3+ 32. Kxf3 Kg7 33. Rc7 Rb8 34. Nd6 Rf8 35. Nxb7 h5 36. a5 hxg4+ 37. hxg4 Kg8 38. g5 Kg7 39. a6 Rd8 40. Nxd8 1-0


[Site "https://www.chess.com"]

[Event "Titled Tuesday Blitz September 27 Early 2022"]
[White "Rustemov, Alexander"]
[Black "Pakleza, Zbigniew"]
[WhiteFideId "4119002"]
[BlackFideId "1119290"]
[WhiteElo "2847"]
[BlackElo "2411"]
[Result "1/2-1/2"]
[Round "11"]
[TimeControl "180+1"]
[Date "2022.09.27"]
[WhiteClock "0:01:18"]
[BlackClock "0:00:18"]

1. d4 d5 2. c4 c6 3. Nc3 Nf6 4. e3 Qb6 5. Qc2 Na6 6. a3 e6 7. Nf3 Be7 8. c5 Qd8 9. b4 Nc7 10. Bb2 b6 11. Ne5 Bb7 12. Bd3 h6 13. O-O Nd7 14. Nf3 O-O 15. Rfc1 Ba6 16. Bxa6 Nxa6 17. b5 Nab8 18. cxb6 Nxb6 19. bxc6 Nc4 20. e4 Nxc6 21. exd5 exd5 22. Nxd5 Qxd5 23. Qxc4 Qxc4 24. Rxc4 Na5 25. Ra4 Rfb8 26. Rxa5 Rxb2 27. g3 Bd8 28. Ra6 Bb6 29. Rd1 Rd8 30. Rd3 Ra2 31. a4 Rc8 32. Rd2 Rxd2 33. Nxd2 1/2-1/2


[Site "https://www.chess.com"]

[Event "Titled Tuesday Blitz September 27 Early 2022"]
[White "Sadilek, Peter"]
[Black "Ilkhomi, Jaloliddin"]
[WhiteFideId "1616439"]
[BlackFideId "14700948"]
[WhiteElo "2145"]
[BlackElo "1440"]
[Result "0-1"]
[Round "11"]
[TimeControl "180+1"]
[Date "2022.09.27"]
[WhiteClock "0:01:35"]
[BlackClock "0:02:29"]

1. d4 Nf6 2. c4 e6 3. Nf3 Bb4+ 4. Nbd2 O-O 5. g3 Ne4 6. Bg2 f5 7. O-O Bxd2 8. Nxd2 Nxd2 9. Qxd2 d5 10. b3 c6 11. Ba3 Rf7 12. e3 Nd7 13. Bd6 Nf6 14. Be5 Ng4 15. f4 b6 16. cxd5 cxd5 17. Rac1 Ba6 18. Rfd1 Nxe5 19. dxe5 Rc8 20. Qb4 Rfc7 21. Rxc7 Qxc7 22. Qd2 h6 23. h4 Qc2 24. Kf2 Bd3 25. Bf1 Bxf1 26. Kxf1 Qe4 27. Qg2 Qxe3 0-1


[Site "https://www.chess.com"]

[Event "Titled Tuesday Blitz September 27 Early 2022"]
[White "Sadykov, Ramil"]
[Black "Skliarov, Viktor"]
[WhiteFideId "24113590"]
[BlackFideId "14106736"]
[WhiteElo "2243"]
[BlackElo "2213"]
[Result "0-1"]
[Round "11"]
[TimeControl "180+1"]
[Date "2022.09.27"]
[WhiteClock "0:00:03"]
[BlackClock "0:00:05"]

1. c4 e5 2. Nc3 Bb4 3. d3 Bxc3+ 4. bxc3 Nf6 5. g3 d5 6. Bg2 dxc4 7. Qa4+ Bd7 8. Qxc4 Bc6 9. Nf3 O-O 10. O-O Nbd7 11. a4 e4 12. Nd4 Bd5 13. Qb5 a6 14. Qb2 exd3 15. exd3 Bxg2 16. Kxg2 Nc5 17. Rd1 Qd5+ 18. Kg1 h5 19. Bf4 h4 20. c4 Qd7 21. Nf3 h3 22. Ne5 Qf5 23. d4 Ne6 24. Qb1 Qh5 25. Be3 Ng4 26. Nxg4 Qxg4 27. Qd3 Rad8 28. d5 Rfe8 29. Qf1 Nf8 30. Bf4 Rd7 31. Re1 Rde7 32. Bxc7 Qf3 33. Rxe7 Rxe7 34. Bd6 Re2 35. Bxf8 Kxf8 36. d6 g5 37. d7 Ke7 38. Rd1 Kd8 39. Rd4 g4 40. Rd1 Rxf2 41. Qxf2 Qxd1+ 42. Qf1 Qxf1+ 43. Kxf1 Kxd7 0-1


[Site "https://www.chess.com"]

[Event "Titled Tuesday Blitz September 27 Early 2022"]
[White "Sai Han Thiha"]
[Black "Murtazin, Ruslan"]
[WhiteFideId "13012290"]
[BlackFideId "24175960"]
[WhiteElo "1791"]
[BlackElo "2212"]
[Result "0-1"]
[Round "11"]
[TimeControl "180+1"]
[Date "2022.09.27"]
[WhiteClock "0:00:11"]
[BlackClock "0:00:15"]

1. d4 Nf6 2. c4 c5 3. d5 e6 4. Nc3 exd5 5. cxd5 d6 6. Nf3 g6 7. Nd2 Nbd7 8. e4 Bg7 9. Be2 O-O 10. O-O a6 11. a4 Rb8 12. Re1 Ne8 13. Bf1 Nc7 14. Nc4 Ne5 15. Nb6 f5 16. Nxc8 Qxc8 17. exf5 Qxf5 18. f3 Rbe8 19. Be3 b5 20. axb5 Nxb5 21. Ne4 Nf7 22. Rxa6 Nc7 23. Nxd6 Nxd6 24. Rxd6 Rxe3 25. Rxe3 Bd4 26. Rd7 Bxe3+ 27. Kh1 Qxd7 28. Qc1 Bxc1 0-1


[Site "https://www.chess.com"]

[Event "Titled Tuesday Blitz September 27 Early 2022"]
[White "Salman, Pavel"]
[Black "Vignesh, N R"]
[WhiteFideId "24153753"]
[BlackFideId "25012215"]
[WhiteElo "2039"]
[BlackElo "2363"]
[Result "0-1"]
[Round "11"]
[TimeControl "180+1"]
[Date "2022.09.27"]
[WhiteClock "0:00:02"]
[BlackClock "0:00:35"]

1. Nf3 Nf6 2. g3 g6 3. Bg2 Bg7 4. O-O O-O 5. d3 c5 6. Nbd2 Nc6 7. e4 d6 8. c3 e5 9. a4 b6 10. Nc4 a6 11. Bg5 h6 12. Bd2 Rb8 13. h4 Re8 14. Ne3 b5 15. axb5 axb5 16. g4 h5 17. gxh5 Nxh5 18. Nd5 Be6 19. Ng5 Bxd5 20. exd5 Ne7 21. Ra7 Ra8 22. Qa1 Qb8 23. Ra3 Nf5 24. Ne4 Rxa3 25. Qxa3 Nxh4 26. Qa6 Nxg2 27. Kxg2 Rd8 28. Ra1 Qc7 29. Qxb5 Qc8 30. f3 Nf6 31. Qb6 Nxd5 32. Qb3 Nc7 33. Ra7 Ne6 34. Bg5 Rf8 35. Be7 Nf4+ 36. Kf2 Nxd3+ 37. Ke3 c4 38. Qb5 d5 39. Bxf8 dxe4 40. Bxg7 Qf5 41. Qe8+ Kxg7 42. Rxf7+ Qxf7 43. Qxf7+ Kxf7 44. Kxe4 Ke6 45. b4 Nf4 46. b5 Nd5 47. f4 Nxc3+ 48. Ke3 Nxb5 49. fxe5 Kxe5 0-1


[Site "https://www.chess.com"]

[Event "Titled Tuesday Blitz September 27 Early 2022"]
[White "Samunenkov, Ihor"]
[Black "Zhigalko, Sergei"]
[WhiteFideId "14187086"]
[BlackFideId "13502956"]
[WhiteElo "2441"]
[BlackElo "2662"]
[Result "0-1"]
[Round "11"]
[TimeControl "180+1"]
[Date "2022.09.27"]
[WhiteClock "0:00:01"]
[BlackClock "0:00:04"]

1. d4 Nf6 2. c4 e6 3. Nf3 b6 4. g3 Ba6 5. Qa4 Bb7 6. Bg2 c5 7. dxc5 bxc5 8. O-O Be7 9. Nc3 O-O 10. Rd1 Qb6 11. Qc2 Nc6 12. a3 Rac8 13. Na4 Qa6 14. Be3 Na5 15. Nd2 Bxg2 16. Kxg2 d5 17. cxd5 Nxd5 18. Bf4 Nxf4+ 19. gxf4 Qxe2 20. Qe4 Qg4+ 21. Kh1 Bd6 22. b4 cxb4 23. axb4 Nc6 24. b5 Nb4 25. Rab1 Nd5 26. Nc4 Bxf4 27. Rg1 Qh5 28. Rg2 g6 29. Na5 Qf5 30. Qxf5 exf5 31. Nc6 a6 32. Rd1 axb5 33. Rxd5 Rxc6 34. Rxb5 Ra8 35. Nc5 Ra1+ 36. Rg1 Rxg1+ 37. Kxg1 Kg7 38. Kg2 Bd6 39. Nd3 Rc3 40. Ne1 Rc5 41. Rb7 Rc7 42. Rb6 Bc5 43. Rb2 Bd4 44. Rd2 Bf6 45. Nf3 Rb7 46. Re2 Rb2 47. Re8 g5 48. h3 g4 49. hxg4 fxg4 50. Nh2 h5 51. Re4 Kg6 52. Rc4 Be5 53. Nf1 f5 54. Ne3 Rb5 55. Rc6+ Kg5 56. Rc8 f4 57. Rg8+ Kf6 58. Nc4 f3+ 59. Kf1 Rb1# 0-1


[Site "https://www.chess.com"]

[Event "Titled Tuesday Blitz September 27 Early 2022"]
[White "Sanchez Alvares, Kelvin Antonio"]
[Black "Sebenik, Matej"]
[WhiteFideId "3906680"]
[BlackFideId "14602296"]
[WhiteElo "2189"]
[BlackElo "2461"]
[Result "0-1"]
[Round "11"]
[TimeControl "180+1"]
[Date "2022.09.27"]
[WhiteClock "0:00:22"]
[BlackClock "0:00:04"]

1. e4 e6 2. d4 d5 3. Nd2 Be7 4. c3 c5 5. exd5 exd5 6. Ngf3 Nf6 7. Bb5+ Bd7 8. Qa4 O-O 9. O-O a6 10. Bxd7 Nbxd7 11. dxc5 Nxc5 12. Qc2 Re8 13. Nb3 Nce4 14. Be3 b5 15. Rfd1 a5 16. Nbd4 b4 17. Nc6 Qc7 18. Nxe7+ Rxe7 19. Bd4 bxc3 20. bxc3 Rc8 21. Rd3 Re6 22. Qa4 Nc5 23. Bxc5 Qxc5 24. Nd4 Rb6 25. Re1 h6 26. Nb3 Qc4 27. Rd4 Qxc3 28. Red1 Re6 29. R4d2 Ne4 30. Re2 Qc4 31. Qxc4 dxc4 32. Nxa5 Nc3 33. Rxe6 fxe6 34. Rd2 Nd5 35. a3 c3 36. Rc2 Ra8 37. Nc4 Ra4 38. Ne3 Rxa3 39. Nxd5 Ra1+ 0-1


[Site "https://www.chess.com"]

[Event "Titled Tuesday Blitz September 27 Early 2022"]
[White "Sanchez, Robert"]
[Black "Broca Jimenez, Fernando"]
[WhiteFideId "2034360"]
[BlackFideId "5104742"]
[WhiteElo "2368"]
[BlackElo "2062"]
[Result "1-0"]
[Round "11"]
[TimeControl "180+1"]
[Date "2022.09.27"]
[WhiteClock "0:00:26"]
[BlackClock "0:00:28"]

1. e4 c5 2. d4 cxd4 3. c3 Nf6 4. e5 Nd5 5. Bc4 Nb6 6. Bb3 d5 7. cxd4 Nc6 8. h3 Bf5 9. Nf3 h6 10. O-O e6 11. Nc3 Be7 12. Be3 O-O 13. Nh2 Rc8 14. g4 Bh7 15. f4 f6 16. Qe2 fxe5 17. fxe5 Bg5 18. Rxf8+ Kxf8 19. Nb5 Bxe3+ 20. Qxe3 Kg8 21. Nd6 Rc7 22. Rf1 Nc8 23. Nxc8 Rxc8 24. Nf3 Be4 25. Nd2 Bg6 26. Nf3 Qb6 27. g5 hxg5 28. Qxg5 Nxd4 29. Kh2 Nxf3+ 30. Rxf3 Bc2 31. Rg3 Qc7 32. Rc3 Qd8 33. Qxd8+ Rxd8 34. Bxc2 Rd7 35. Bg6 Kf8 36. Rc8+ Ke7 37. Re8# 1-0


[Site "https://www.chess.com"]

[Event "Titled Tuesday Blitz September 27 Early 2022"]
[White "Sargissyan, Sargis"]
[Black "Rios Escobar, Adan"]
[WhiteFideId "13303210"]
[BlackFideId "3403645"]
[WhiteElo "2102"]
[BlackElo "2328"]
[Result "0-1"]
[Round "11"]
[TimeControl "180+1"]
[Date "2022.09.27"]
[WhiteClock "0:00:01"]
[BlackClock "0:00:10"]

1. c4 Nf6 2. Nc3 g6 3. d4 Bg7 4. e4 d6 5. Be2 O-O 6. Bg5 Na6 7. Qd2 e5 8. d5 Qe8 9. h4 h5 10. f3 Nh7 11. Be3 f5 12. Nh3 f4 13. Bf2 Bf6 14. g3 fxg3 15. Bxg3 Qe7 16. O-O-O Bxh4 17. Bxh4 Qxh4 18. Rdg1 Bxh3 19. Rxg6+ Kh8 20. Bf1 Rxf3 21. Bxh3 Rxh3 22. Rf1 Rh1 23. Rxh1 Qxh1+ 24. Kc2 Rg8 25. Qh6 Rxg6 26. Qxg6 Qf3 27. Qe8+ Kg7 28. Qd7+ Qf7 29. Qh3 Nc5 30. a3 Qf2+ 31. Kb1 Qg1+ 32. Ka2 Qg4 33. Qf1 Nf6 0-1


[Site "https://www.chess.com"]

[Event "Titled Tuesday Blitz September 27 Early 2022"]
[White "Schill, William"]
[Black "Saucey, Michel"]
[WhiteFideId "2016710"]
[BlackFideId "601845"]
[WhiteElo "1956"]
[BlackElo "2253"]
[Result "0-1"]
[Round "11"]
[TimeControl "180+1"]
[Date "2022.09.27"]
[WhiteClock "0:00:02"]
[BlackClock "0:00:57"]

1. e4 c5 2. Nf3 e6 3. d4 cxd4 4. Nxd4 Nc6 5. Nc3 Qc7 6. Be3 a6 7. Qd2 Nf6 8. f3 Bb4 9. a3 Be7 10. Nb3 b5 11. Rd1 Ne5 12. Qd4 d6 13. Qb6 Qxb6 14. Bxb6 O-O 15. Bc7 Ne8 16. Ba5 Bb7 17. Be2 Rc8 18. O-O Nc4 19. Bxc4 Rxc4 20. Bb4 Rc7 21. Na5 Ba8 22. Rd3 Bf6 23. Rfd1 Be5 24. g3 g5 0-1


[Site "https://www.chess.com"]

[Event "Titled Tuesday Blitz September 27 Early 2022"]
[White "Sethuraman, S.P."]
[Black "Weetik, Vjacheslav"]
[WhiteFideId "5021596"]
[BlackFideId "4153472"]
[WhiteElo "2425"]
[BlackElo "2469"]
[Result "1-0"]
[Round "11"]
[TimeControl "180+1"]
[Date "2022.09.27"]
[WhiteClock "0:00:46"]
[BlackClock "0:00:05"]

1. d4 Nf6 2. c4 g6 3. Nc3 Bg7 4. e4 d6 5. h3 O-O 6. Bg5 Na6 7. Nf3 Qe8 8. Be2 e5 9. d5 Nh5 10. g3 f5 11. exf5 gxf5 12. Nh4 Nf6 13. g4 Ne4 14. Nxe4 fxe4 15. Be3 Nc5 16. Qc2 Nd3+ 17. Bxd3 exd3 18. Qxd3 e4 19. Qc2 b5 20. c5 Qe7 21. Ng2 Bb7 22. O-O-O b4 23. Nf4 Rxf4 24. Bxf4 dxc5 25. Be3 Bf8 26. Qc4 a5 27. d6+ Qf7 28. Qxf7+ Kxf7 29. dxc7 Be7 30. Rd7 Ke6 31. Rhd1 Rc8 32. Bf4 c4 33. R7d4 Ba6 34. Rd6+ Bxd6 35. Rxd6+ 1-0


[Site "https://www.chess.com"]

[Event "Titled Tuesday Blitz September 27 Early 2022"]
[White "Shapiro, Daniel"]
[Black "Zong, Davis"]
[WhiteFideId "2001780"]
[BlackFideId "30903955"]
[WhiteElo "2237"]
[BlackElo "2061"]
[Result "0-1"]
[Round "11"]
[TimeControl "180+1"]
[Date "2022.09.27"]
[WhiteClock "0:00:16"]
[BlackClock "0:00:05"]

1. d4 d5 2. c4 c6 3. Nf3 Nf6 4. Qb3 e6 5. Nc3 Bd6 6. Bg5 O-O 7. e3 h6 8. Bh4 Nbd7 9. Rd1 b6 10. Be2 Bb7 11. O-O Qc7 12. Bg3 Bxg3 13. hxg3 dxc4 14. Bxc4 c5 15. d5 exd5 16. Nxd5 Nxd5 17. Bxd5 Nf6 18. Bxb7 Qxb7 19. Rd2 b5 20. Rfd1 c4 21. Qb4 a5 22. Qc5 Rfc8 23. Qf5 b4 24. Rd6 Qe7 25. Qf4 c3 26. bxc3 bxc3 27. Nh4 c2 28. Rc1 Rab8 29. Nf5 Qe4 30. Rxf6 Qxf4 31. Ne7+ Kf8 32. Rxf4 Kxe7 33. Re4+ Kf8 34. Kh2 Rb1 35. Rxc2 Rxc2 36. Ra4 Rbb2 37. Rxa5 Rxa2 38. Ra8+ Rxa8 0-1


[Site "https://www.chess.com"]

[Event "Titled Tuesday Blitz September 27 Early 2022"]
[White "Sharifov, Mekhriddin"]
[Black "Rosenberg, Evan S"]
[WhiteFideId "14701545"]
[BlackFideId "2019299"]
[WhiteElo "1540"]
[BlackElo "2380"]
[Result "1-0"]
[Round "11"]
[TimeControl "180+1"]
[Date "2022.09.27"]
[WhiteClock "0:01:29"]
[BlackClock "0:01:06"]

1. e4 e5 2. f4 d5 3. Nf3 dxe4 4. Nxe5 Bd6 5. d4 exd3 6. Bxd3 Bxe5 7. fxe5 Qh4+ 8. g3 Qh3 9. Bg5 Nc6 10. Nc3 Bg4 11. Qd2 h6 12. Bh4 Bf5 13. Nd5 Rc8 14. Nf4 Qg4 15. Be2 Qxh4 16. gxh4 Nge7 17. O-O-O O-O 18. Rhg1 Kh7 19. Nh5 Ng6 20. Nxg7 Kxg7 21. h5 Nxe5 22. Qc3 Kh7 23. hxg6+ Nxg6 24. Bd3 Be6 25. Qf6 Rcd8 26. Bxg6+ fxg6 27. Qxg6+ Kh8 28. Qxh6# 1-0


[Site "https://www.chess.com"]

[Event "Titled Tuesday Blitz September 27 Early 2022"]
[White "Shashikant, Kutwal"]
[Black "Zheenbekov, Nurgazy"]
[WhiteFideId "5006520"]
[BlackFideId "13800485"]
[WhiteElo "2321"]
[BlackElo "1932"]
[Result "1-0"]
[Round "11"]
[TimeControl "180+1"]
[Date "2022.09.27"]
[WhiteClock "0:00:09"]
[BlackClock "0:00:44"]

1. d4 d5 2. Nf3 Nf6 3. Bf4 e6 4. Nbd2 Bd6 5. e3 O-O 6. Bd3 c5 7. c3 b6 8. Ne5 Ba6 9. Bc2 Qc7 10. g4 Nbd7 11. g5 Ne8 12. Nxd7 Qxd7 13. Bg3 Qe7 14. Qg4 f5 15. gxf6 Nxf6 16. Qh4 e5 17. dxe5 Bxe5 18. Bxh7+ Kf7 19. Bc2 Rh8 20. Qg5 Rae8 21. Bg6+ Kf8 22. Bxe8 Bxg3 23. Qxg3 Qxe8 24. Rg1 Rh7 25. O-O-O Bd3 26. Qd6+ Kf7 27. Nf3 Rh5 28. Rxd3 1-0


[Site "https://www.chess.com"]

[Event "Titled Tuesday Blitz September 27 Early 2022"]
[White "Shivika, Rohilla"]
[Black "Samaganova, Aleksandra"]
[WhiteFideId "45015414"]
[BlackFideId "13800221"]
[WhiteElo "1605"]
[BlackElo "1864"]
[Result "1-0"]
[Round "11"]
[TimeControl "180+1"]
[Date "2022.09.27"]
[WhiteClock "0:00:28"]
[BlackClock "0:00:01"]

1. e4 c5 2. Nf3 e6 3. c3 Nf6 4. e5 Nd5 5. d4 cxd4 6. cxd4 d6 7. Nc3 Nxc3 8. bxc3 Nc6 9. Bb5 Bd7 10. exd6 Bxd6 11. O-O O-O 12. Bg5 Be7 13. Bxe7 Nxe7 14. Bxd7 Qxd7 15. Ne5 Qc7 16. Qf3 Rac8 17. Rfc1 Nf5 18. h3 Rfd8 19. g4 Nh4 20. Qg3 Ng6 21. f4 Nxe5 22. fxe5 Qc4 23. a4 b6 24. g5 Qe2 25. Rf1 Qd2 26. Ra3 Qb2 27. Rfa1 Rc4 28. Qf2 Qxf2+ 29. Kxf2 Rdc8 30. a5 b5 31. a6 g6 32. Ra5 b4 33. cxb4 Rxb4 34. d5 Rb2+ 35. Ke3 exd5 36. Rxd5 Rb3+ 37. Kd2 Rxh3 38. Rd7 Rh2+ 39. Kd3 Rh3+ 40. Kd4 Ra8 41. Rf1 Ra3 42. Rfxf7 Ra4+ 43. Kc5 Rxa6 44. Rg7+ Kf8 45. Rxh7 Ke8 46. Rde7+ Kd8 47. Reg7 Rc8+ 48. Kd4 Re6 49. Rh8+ Re8 50. Rxe8+ Kxe8 51. Rxa7 Kf8 52. Ra6 Kf7 53. e6+ Kg7 54. Ke5 Rc1 55. Ra7+ Kg8 56. Kf6 Re1 57. e7 1-0


[Site "https://www.chess.com"]

[Event "Titled Tuesday Blitz September 27 Early 2022"]
[White "Shuvalov, Evgenij"]
[Black "Deuer, Marius"]
[WhiteFideId "4187237"]
[BlackFideId "16236432"]
[WhiteElo "2033"]
[BlackElo "2059"]
[Result "1-0"]
[Round "11"]
[TimeControl "180+1"]
[Date "2022.09.27"]
[WhiteClock "0:00:07"]
[BlackClock "0:00:01"]

1. d4 Nf6 2. c4 c5 3. d5 e6 4. Nc3 exd5 5. cxd5 d6 6. e4 g6 7. f4 Bg7 8. Bb5+ Nbd7 9. e5 Nh5 10. e6 Qh4+ 11. Kd2 fxe6 12. dxe6 Qxf4+ 13. Kc2 Qf5+ 14. Qd3 Qxe6 15. Nf3 Kd8 16. Ng5 Qe7 17. Nd5 Ne5 18. Qd2 Bf5+ 19. Kd1 Qf8 20. Qa5+ b6 21. Nxb6 Bg4+ 22. Kc2 Qf5+ 23. Kb3 Nc6 24. Bxc6 Rb8 25. Qxa7 c4+ 26. Ka4 Qc2+ 27. b3 Rxb6 28. Qxb6+ Ke7 29. Re1+ Be5 30. Qc7+ Kf6 31. Qf7# 1-0


[Site "https://www.chess.com"]